 Dungeon Sprint DCSS version 0.24-a0-244-ga6a6ab7 (webtiles) character file.

Game seed: 15694368556553060924

64 MikeHunt the Magician (level 3, 0/26 HPs)
             Began as a Draconian Venom Mage on Apr 11, 2019.
             Drowned by a water elemental (4 damage)
             ... in the Dungeon (Sprint III: "The Ten Rune Challenge").
             The game lasted 00:03:15 (561 turns).

MikeHunt the Magician (Draconian Venom Mage)         Turns: 561, Time: 00:03:16

Health: 0/26       AC:  5    Str:  8    XL:     3   Next: 91%
Magic:  10/10      EV: 12    Int: 16    God:
Gold:   25         SH:  0    Dex: 13    Spells: 7/13 levels left

rFire    . . .     SeeInvis .   (no weapon)
rCold    . . .     Gourm    .   (no shield)
rNeg     . . .     Faith    .   (armour unavailable)
rPois    .         Spirit   .   (helmet restricted)
rElec    .         Reflect  .   (no cloak)
rCorr    .         Harm     .   (no gloves)
MR       .....     NoTele   +   (no boots)
Stlth    ++........             (no amulet)
HPRegen  0.08/turn              (no ring)
MPRegen  0.12/turn              (no ring)

@: engulfed (cannot breathe), hasted, very quick
A: unfitting armour, stinger 1, agile 1, weak 1, cold-blooded, AC +5
a: no special abilities


You were in the Dungeon.
You were not hungry.

You visited 1 branch You collected 25 gold pieces.

Inventory:

Scrolls
 a - 2 scrolls of holy word {unknown}
 g - 2 scrolls of identify {unknown}
 h - 2 scrolls of blinking
 i - 2 scrolls of remove curse {unknown}
Potions
 c - 2 potions of curing
 d - a potion of heal wounds
 f - 2 potions of magic
 j - 2 potions of flight
 k - 4 potions of mutation
Comestibles
 b - 3 rations


   Skills:
 - Level 1.7 Dodging
 - Level 1.7 Stealth
 - Level 5.9 Spellcasting
 + Level 3.2 Conjurations
 + Level 4.3 Poison Magic


You had 7 spell levels left.
You knew the following spells:

 Your Spells              Type           Power        Failure   Level  Hunger
e - Sting                 Conj/Pois      ###.         3%          1    None
r - Poisonous Vapours     Pois/Air       ##....       9%          2    #......
w - Mephitic Cloud        Conj/Pois/Air  ##......     14%         3    ##.....

Your spell library contained the following spells:

 Spells                   Type           Power        Failure   Level  Hunger
 Olgreb's Toxic Radiance  Pois           ###.....     22%         4    ####...
 Venom Bolt               Conj/Pois      ###.......   63%         5    ######.


Dungeon Overview and Level Annotations

Branches:
Dungeon (1/1)

Altars:


Innate Abilities, Weirdness & Mutations

Your plain brown scales are hard. (AC +5)
You cannot fit into any form of body armour.
You are cold-blooded and may be slowed by cold attacks.
Your tail ends in a poisonous barb.
You are agile. (Dex +2)
You are weak. (Str -2)


Message History

You hit the water elemental but do no damage.
The water elemental is lightly damaged.
The water elemental hits you!
The water elemental engulfs you in water!
You hit the water elemental but do no damage.
The water elemental is lightly damaged.
Your lungs strain for air!
The water elemental closely misses you.
You hit the water elemental but do no damage.
Your tail-slap misses the water elemental.
The water elemental is lightly damaged.
Your lungs strain for air!
You barely miss the water elemental.
The water elemental is lightly damaged.
Your lungs strain for air!
The water elemental hits you.
* * * LOW HITPOINT WARNING * * *
You barely miss the water elemental.
The water elemental is lightly damaged.
You die...

▓▓▓▓▓▓ ▓▓▓ .#...####
##.# .#......#####..#
##.......#..#..#
.##[##...#..#..###+#+###
.##.###..##'#..#........
####.##..###...'@E......
##..##..####...#...#####
....##..###....#.⌠.#
#..##...##.....#...#
..##....#......#+###
.###..##.#.....# .#
#..#####....# ▓▓ ▓▓▓▓
▓▓▓▓▓▓


You could see a water elemental.

Vanquished Creatures
  Jessica (D)
  A human (D)
  A wolf (D)
  An ooze (D)
  2 rats (D)
6 creatures vanquished.

Vanquished Creatures (others)
  2 draconian scorchers (D)
  6 hellions (D)
  A yaktaur (D)
9 creatures vanquished.

Grand Total: 15 creatures vanquished

Notes
Turn   | Place    | Note
-------+----------+-------------------------------------------
     0 | D        | MikeHunt the Draconian Venom Mage began the quest for the
                  | Orb.
     0 | D        | Reached XP level 1. HP: 14/14 MP: 3/3
    15 | D        | Reached skill level 3 in Spellcasting
    63 | D        | Noticed Jessica
    68 | D        | Killed Jessica
    68 | D        | Reached skill level 5 in Spellcasting
    68 | D        | Reached XP level 2. HP: 15/20 MP: 0/8
    68 | D        | Reached XP level 3. HP: 19/26 MP: 0/10
    73 | D        | Killed a yaktaur
    79 | D        | Killed a hellion
    80 | D        | Killed a hellion
   144 | D        | Learned a level 2 spell: Poisonous Vapours
   148 | D        | Learned a level 3 spell: Mephitic Cloud
   162 | D        | Killed a hellion
   165 | D        | Killed a hellion
   166 | D        | Killed a white draconian scorcher
   183 | D        | Killed a hellion
   188 | D        | Killed a hellion
   195 | D        | Killed a white draconian scorcher
   431 | D        | Gained mutation: Your tail ends in a poisonous barb.
                  | [potion of mutation]
   431 | D        | Gained mutation: You are weak. (Str -2) [potion of
                  | mutation]
   431 | D        | Gained mutation: You are agile. (Dex +2) [potion of
                  | mutation]
   539 | D        | Noticed a water elemental
   561 | D        | Drowned by a water elemental

Levels and vault maps discovered:
D:        dungeon_sprint_mu [sprint_mu_entry_cave, sprint_mu_temple_rooms,
          sprint_mu_d1_spiders, sprint_mu_d2_genie, sprint_mu_d3_branching,
          sprint_mu_orc_legion, sprint_mu_elf_gauntlet, sprint_mu_hive_nellie,
          sprint_mu_lair_fedhas, sprint_mu_vaults_butterflies,
          sprint_mu_slime_circle, sprint_mu_shoals_archi,
          sprint_mu_snake_twists, sprint_mu_blade_basic,
          sprint_mu_crypt_chambers, sprint_mu_tomb_spiral,
          sprint_mu_vestibule_basic, sprint_mu_gehenna_hellfire,
          sprint_mu_dis_giant, sprint_mu_tartarus_statrot,
          sprint_mu_cocytus_islands, sprint_mu_zot1]

Skill      XL: |  1  2  3 |
---------------+----------+-----
Spellcasting   | 5 |  5.9
Conjurations   | 3 |  3.2
Poison Magic   | 4 |  4.3
Dodging        | |  1.7
Stealth        | |  1.7

Action                   || total
-------------------------++-------
Melee: Unarmed           ||    27
       Tailslap          ||     5
 Cast: Sting             ||    21
       Poisonous Vapours ||     1
  Use: Potion            ||     3
 Stab: Sleeping          ||     2
Armor: Skin              ||     1
Dodge: Dodged            ||    23

Table legend:
 A = Non-vault XP
 B = Vault XP
 C = Vault XP percentage of total XP
 D = Non-vault monster count
 E = Vault monster count
 F = Vault count percentage of total count
                 A         B        C        D         E       F
            +---------+---------+-------+---------+---------+-------
      Total |       0 |      92 | 100.0 |       0 |       6 | 100.0
            +---------+---------+-------+---------+---------+-------
          D |       0 |      92 | 100.0 |       0 |       6 | 100.0
            +---------+---------+-------+---------+---------+-------
